[Event "Late-Titled-Tuesday-Blitz-May-14-2024"]
[Site "Chess.com"]
[Date "2024.05.14"]
[Round "8"]
[White "protectiago"]
[Black "emeli_chess"]
[Result "0-1"]
[WhiteElo "2084"]
[BlackElo "2399"]
[TimeControl "180+1"]
[EndTime "15:27:31 PDT"]
[Termination "emeli_chess won on time"]

1. d4 Nf6 2. c4 e6 3. g3 d5 4. Nf3 dxc4 5. Bg2 Nc6 6. O-O Rb8 7. Nc3 Be7 8. Qa4 O-O 9. Qxc4 Bd6 10. e4 e5 11. Bg5 h6 12. Bxf6 Qxf6 13. Nd5 Qd8 14. dxe5 Nxe5 15. Nxe5 Bxe5 16. Rad1 c6 17. Nf4 Qe7 18.
Ng6 Qf6 19. Nxf8 Kxf8 20. Qc5+ Kg8 21. Qxa7 Be6 22. f4 Bc7 23. e5 Qe7 24. Kh1 h5 25. Qd4 h4 26. b3 Ra8 27. f5 Bc8 28. f6 Qxe5 29. Qxe5 Bxe5 30. Rd8+ Kh7 31. fxg7 Kxg7 32. gxh4 Bf6 33. Re8 Bxh4 34. Rf4 Bf6 35. Ra4 Rxa4 36. bxa4 Be6 37. Rb8 Bxa2 38. Rxb7 c5 39. a5 Bc4 40. Rc7 Bd4 41. Rc6 Bb5 42. Rc7 c4 43. Bd5 c3 44.
Bxf7 Kf6 45. Bb3 Ke5 46. a6 Kd6 47. Ra7 Bxa7 48. Kg2 Bd3 49. h4 c2 50. Kh3 c1=Q 0-1

[Event "Late-Titled-Tuesday-Blitz-May-14-2024"]
[Site "Chess.com"]
[Date "2024.05.14"]
[Round "8"]
[White "Chessdude1987"]
[Black "Romkachess"]
[Result "0-1"]
[WhiteElo "2388"]
[BlackElo "2592"]
[TimeControl "180+1"]
[EndTime "15:27:34 PDT"]
[Termination "Romkachess won on time"]

1. e4 c5 2. Nf3 d6 3. Bc4 e6 4.
O-O Nf6 5. Re1 Be7 6. d3 O-O 7. Bb3 Nc6 8. c3 b5 9. d4 Bb7 10. Nbd2 Rc8 11. Nf1 cxd4 12. cxd4 Qc7 13. d5 exd5 14.
exd5 Na5 15. Ne3 Nxb3 16. axb3 a6 17. Bd2 Rfe8 18. Bc3 Ne4 19. Bd4 Bf6 20. Nf5 Bxd5 21. Rxa6 g6 22. Ra7 Qc6 23. Rxe4 Rxe4 24. Bxf6 gxf5 25. Ra1 Qc2 26. Qxd5 Qc1+ 27. Qd1 Qxd1+ 28. Rxd1 Re6 29. Bc3 h6 30. Nd4 Re5 31. g3 Rd5 32. Rd2 b4 33. Bxb4 Rc1+ 34. Kg2 Rb1 35. Bc3 f4 36. h3 f3+ 37. Kxf3 f6 38. Ke4 Re5+ 39. Kf4 Kf7 40. Kf3 Rd5 41. Nc2 Rxd2 42. Bxd2 Rxb2 43. Ne3 Rxd2 44. Ng4 Rb2 45. Nxh6+ Kg6 46. Ng4 Rxb3+ 47. Ne3 d5 48. Ke2 d4 0-1

[Event "Late-Titled-Tuesday-Blitz-May-14-2024"]
[Site "Chess.com"]
[Date "2024.05.14"]
[Round "8"]
[White "AccioChess"]
[Black "bazar-wokzal"]
[Result "1-0"]
[WhiteElo "2492"]
[BlackElo "2598"]
[TimeControl "180+1"]
[EndTime "15:27:35 PDT"]
[Termination "AccioChess won on time"]

1. e4 c5 2. Nf3 d6 3. Bb5+ Nd7 4. O-O a6 5. Be2 Ngf6 6. Nc3 g6 7. d4 cxd4 8. Nxd4 Bg7 9. Be3 O-O 10. Qd2 Qc7 11. Bh6 b5 12. a3 Bb7 13. Bd3 Nc5 14. Rae1 Rac8 15. Bxg7 Kxg7 16. f4 e5 17. fxe5 dxe5 18. Nf5+ Kh8 19. Qh6 Rg8 20. Ne3 Qb6 21. Kh1 Nxd3 22.
cxd3 Rc6 23. Rf3 Rg7 24. Ref1 Ng8 25. Qh4 f6 26. Ned5 Qd8 27. Nxf6 g5 28. Qf2 Nxf6 29. Rxf6 Rxf6 30. Qxf6 Qxf6 31. Rxf6 Rd7 32. Rb6 Kg7 33. Kg1 h5 34. Kf2 h4 35. Ke2 g4 36. Nd1 g3 37. hxg3 hxg3 38. Ne3 Kf7 39. Nf5 Ba8 40.
Rxa6 Rd8 41. Nxg3 Rc8 42. Ke3 Bb7 43. Ra7 Rc7 44. Nf5 Ke6 45. g4 Rh7 46. g5 Rh3+ 47. Kd2 1-0

[Event "Late-Titled-Tuesday-Blitz-May-14-2024"]
[Site "Chess.com"]
[Date "2024.05.14"]
[Round "8"]
[White "KuzubovYuriy"]
[Black "jefferyx"]
[Result "1-0"]
[WhiteElo "2947"]
[BlackElo "3075"]
[TimeControl "180+1"]
[EndTime "15:27:37 PDT"]
[Termination "KuzubovYuriy won by resignation"]

1. d4 Nf6 2. Nf3 g6 3. Nbd2 c5 4. dxc5 Qa5 5. a3 Qxc5 6. b4 Qc3 7. Rb1 Bg7 8. Bb2 Qc7 9. c4 O-O 10. g3 a5 11. Bg2 d6 12. O-O Nc6 13. b5 Nb8 14. e4 Bg4 15. h3 Bxf3 16. Qxf3 e5 17. Rfd1 Nbd7 18. Qe2 Nc5 19. Nf1 Rac8 20. Ne3 Rfe8 21. f3 Bh6 22. Bf1 Na4 23. Nd5 Nxd5 24. Rxd5 Nb6 25. Rdd1 Nxc4 26. Qxc4 Qxc4 27. Bxc4 Rxc4 28.
Bc1 Bf8 29. Bd2 a4 30. Bb4 Rec8 31. Rd2 Be7 32. Kf2 Bg5 33. Re2 Bd8 34. Rd2 Bb6+ 35. Ke2 Bd4 36. Bxd6 Rc3 37. Rf1 Re3+ 38. Kd1 Rb3 39.
Ke2 Rxb5 40. Bb4 Bc3 41. Rc2 Rxb4 42. axb4 Rc6 43. Rfc1 Bxb4 44. Rxc6 bxc6 45. Rxc6 a3 46. Ra6 h5 47. Kd3 Bf8 48. Kc4 Kg7 49. Kd5 f6 50. Ke6 Bb4 51. Ra7+ Kh6 52. Kxf6 1-0

[Event "Late-Titled-Tuesday-Blitz-May-14-2024"]
[Site "Chess.com"]
[Date "2024.05.14"]
[Round "8"]
[White "NMJeevanK"]
[Black "GMMikhailKazakov"]
[Result "0-1"]
[WhiteElo "2701"]
[BlackElo "2530"]
[TimeControl "180+1"]
[EndTime "15:27:38 PDT"]
[Termination "GMMikhailKazakov won by checkmate"]

1. e4 e5 2. Nf3 Nc6 3. Nc3 Nf6 4. a4 g6 5. Bb5 d6 6. h3 Bg7 7. d4 exd4 8. Nxd4 Bd7 9. O-O O-O 10. Bg5 h6 11.
Bxf6 Qxf6 12. Nxc6 bxc6 13. Bd3 Rab8 14. Rb1 Qg5 15.
Qf3 Rb4 16. Nd1 Rfb8 17. b3 Rxa4 18. Ne3 Rab4 19. Nc4 d5 20. exd5 cxd5 21. Ne3 c6 22.
Rfe1 Rf4 23. Qg3 Qxg3 24. fxg3 Rfb4 25. Kh2 a5 26. Rbd1 Be6 27. Nf1 Bc3 28. Re3 Bd4 29. Re2 Kg7 30. Nd2 Bf6 31. Rf1 a4 32. bxa4 Rxa4 33.
Nb3 Be7 34. Rfe1 c5 35. Rxe6 fxe6 36. Rxe6 c4 37. Rxe7+ Kf6 38. Re3 cxb3 39. Rf3+ Kg7 40. cxb3 Rxb3 41. Kg1 Raa3 42. Be2 Rxf3 43. gxf3 Kf6 44.
Kf2 Ke5 45. g4 Kf4 46. h4 d4 47. h5 g5 48. Bd1 d3 49. Ke1 Ra2 50. Kf1 Ke3 51. Ke1 Ra1 52. f4 gxf4 53. g5 hxg5 54. h6 d2+ 55. Kf1 Rxd1+ 56. Kg2 Rh1 57. Kxh1 d1=Q+ 58.
Kg2 Qf3+ 59. Kg1 Qf2+ 60. Kh1 Kf3 61. h7 Qg2# 0-1

[Event "Late-Titled-Tuesday-Blitz-May-14-2024"]
[Site "Chess.com"]
[Date "2024.05.14"]
[Round "8"]
[White "Sanan_Sjugirov"]
[Black "ameetghasi100"]
[Result "1-0"]
[WhiteElo "3032"]
[BlackElo "2790"]
[TimeControl "180+1"]
[EndTime "15:27:39 PDT"]
[Termination "Sanan_Sjugirov won on time"]

1. d4 Nf6 2. c4 c6 3. Nf3 d6 4.
Nc3 g6 5. e4 Bg7 6. Be2 O-O 7.
O-O Nbd7 8. Be3 e5 9. d5 c5 10.
Ne1 Ne8 11. g4 a6 12. Kh1 Bf6 13. Qd2 Ng7 14. Rg1 Be7 15. Nd3 g5 16. a3 b6 17.
b4 a5 18. bxc5 bxc5 19. Rab1 Ra6 20. Qc2 h6 21. Bd2 Ne8 22. Nd1 Ndf6 23. f3 Bd7 24.
Ne3 Ng7 25. Nf2 Qc7 26. Kg2 Rb8 27. h4 Nh7 28. Nf5 Nxf5 29. exf5 a4 30. Rh1 Rxb1 31. Qxb1 Rb6 32. Qc1 Qb8 33. hxg5 hxg5 34. Ne4 f6 35. Rh6 Qf8 36. Qh1 Qf7 37. Rg6+ Kh8 38. Qh6 Bf8 39. Qh5 Bg7 40. Bxg5 Rb2 41. Kf2 Be8 42. Bc1 Rc2 43.
Bh6 Bxh6 44. Qxh6 Qf8 45. Qxf8+ Nxf8 46. Rxf6 Kg7 47. Rxd6 Ra2 48. Ra6 Rxa3 49. Nxc5 Ra2 50. Ra7+ Kg8 51. Ne4 Nd7 52. c5 Nxc5 53. Nxc5 Bb5 54.
Kg3 Rxe2 55. Ne4 Re3 56. d6 Bc6 57. Kf2 Rd3 58. Nf6+ Kf8 59. d7 a3 60. g5 Ke7 61.
Ke2 Rb3 62. g6 Rb2+ 63. Kd3 a2 64. g7 Rg2 65. g8=Q Rxg8 66. Nxg8+ 1-0

[Event "Late-Titled-Tuesday-Blitz-May-14-2024"]
[Site "Chess.com"]
[Date "2024.05.14"]
[Round "8"]
[White "subham777"]
[Black "Zhigalko_Sergei"]
[Result "0-1"]
[WhiteElo "2539"]
[BlackElo "2826"]
[TimeControl "180+1"]
[EndTime "15:27:41 PDT"]
[Termination "Zhigalko_Sergei won on time"]

1. e4 c5 2. Nf3 Nc6 3. Bb5 Nf6 4. d3 Qa5+ 5. Nc3 Nd4 6. Bc4 b5 7. Bb3 Nxb3 8. cxb3 d6 9. Bd2 b4 10. Ne2 Qb5 11. Be3 Ba6 12. Nc1 g6 13. O-O Bg7 14.
Nd2 O-O 15. f4 Nd7 16. Nc4 Qb7 17. Qc2 Nb8 18. Ne2 Nc6 19. Kh1 Qd7 20. Rad1 d5 21. Nd2 Rac8 22. Nf3 Nd4 23. Bxd4 cxd4 24. Qd2 dxe4 25.
dxe4 d3 26. Ng3 Qb5 27. Rc1 Rfd8 28. Rxc8 Rxc8 29. Rc1 Rd8 30. e5 Bb7 31. Ne1 Bh6 32. Rc4 Qxe5 33. Nf3 Bxf3 34. gxf3 Qd5 35. Re4 a5 36.
Kg2 e6 37. Re5 Qxe5 38. fxe5 Bxd2 39. Nf1 Bf4 40. Kf2 d2 41. Nxd2 Rxd2+ 42. Ke1 Rxb2 43. Kd1 Rxa2 44. Ke1 Rxh2 45. Kf1 Rd2 46. Ke1 a4 47.
bxa4 b3 0-1

[Event "Late-Titled-Tuesday-Blitz-May-14-2024"]
[Site "Chess.com"]
[Date "2024.05.14"]
[Round "8"]
[White "emiliocordova"]
[Black "FairChess_on_YouTube"]
[Result "0-1"]
[WhiteElo "2908"]
[BlackElo "3072"]
[TimeControl "180+1"]
[EndTime "15:27:42 PDT"]
[Termination "FairChess_on_YouTube won on time"]

1. d4 Nf6 2. Nf3 d6 3. c4 Nbd7 4. Nc3 e5 5. g3 Be7 6. Bg2 O-O 7. O-O c6 8. Qc2 Qc7 9. Rd1 Re8 10. e4 b5 11. b3 bxc4 12. bxc4 Ba6 13. c5 exd4 14. cxd6 Bxd6 15. Nxd4 Bc5 16. Bf4 Ne5 17. Nb3 Bd6 18. Na4 Rad8 19. Nac5 Bc4 20. Rd4 Bxc5 21. Rxc4 Bb6 22. h3 Nh5 23. Bxe5 Qxe5 24. Kh2 Re6 25. Rf1 Rf6 26. f4 Nxf4 27. gxf4 Rxf4 28. Kh1 Bc7 29.
Rxc6 Rd7 30. Rxc7 Rxf1+ 31. Bxf1 Rxc7 32. Qd3 g6 33. Qd8+ Kg7 34. Qd4 Kf6 35. Qf2+ Kg7 36.
Bd3 Rc3 37. Qf1 Qg3 38. Be2 Qxh3+ 39. Qxh3 Rxh3+ 40. Kg2 Rc3 41. Nd4 Ra3 42. Bb5 Rxa2+ 43. Kf3 h5 44. Bc6 a5 45. Bd5 Ra1 46. Nc2 Rc1 47.
Ne3 a4 48. Nc4 a3 0-1

[Event "Late-Titled-Tuesday-Blitz-May-14-2024"]
[Site "Chess.com"]
[Date "2024.05.14"]
[Round "8"]
[White "GothamChess"]
[Black "hblanco"]
[Result "1-0"]
[WhiteElo "2776"]
[BlackElo "2613"]
[TimeControl "180+1"]
[EndTime "15:27:43 PDT"]
[Termination "GothamChess won by resignation"]

1. e4 e5 2. Nf3 Nc6 3. c3 Nf6 4. d4 exd4 5. e5 Ne4 6. Qe2 d5 7. exd6 f5 8. Nbd2 Qxd6 9. Nxe4 fxe4 10. Qxe4+ Be7 11. Bc4 Rf8 12. Qxh7 Bf5 13. Qxg7 O-O-O 14. O-O Bf6 15. Qg3 dxc3 16. Qxd6 cxd6 17. bxc3 Bxc3 18. Bg5 Rd7 19. Rac1 Bb2 20. Rce1 d5 21. Bb5 Rg8 22. Bf4 Be4 23. Bg3 a6 24. Bxc6 bxc6 25. Rd1 c5 26. Nd2 Bd3 27. Rfe1 c4 28. Nb3 Bc3 29. Re6 Bc2 30.
Rc1 Bxb3 31. axb3 Bb2 32. Rb1 c3 33. Re2 d4 34. Rexb2 cxb2 35. Rxb2 d3 36. Rd2 Re8 37. Kf1 Kb7 38. f3 Kc6 39. h4 Kb5 40. h5 Kb4 41. Bf4 Kc3 42. Ra2 Kxb3 43. Rxa6 d2 44. Rb6+ Kc2 45.
Rc6+ Kd3 46. Bxd2 Kxd2 47. Kf2 Re2+ 48. Kg3 Rg7+ 49. Rg6 Re6 50. Rxg7 1-0

[Event "Late-Titled-Tuesday-Blitz-May-14-2024"]
[Site "Chess.com"]
[Date "2024.05.14"]
[Round "8"]
[White "Anton_Demchenko"]
[Black "ChadBiryani"]
[Result "1-0"]
[WhiteElo "2853"]
[BlackElo "2556"]
[TimeControl "180+1"]
[EndTime "15:27:43 PDT"]
[Termination "Anton_Demchenko won on time"]

1. e4 d6 2. d4 Nf6 3. Nc3 e5 4. dxe5 dxe5 5. Qxd8+ Kxd8 6. Bc4 Bb4 7. Bxf7 Nxe4 8.
Ne2 Rf8 9. Bb3 Nxf2 10. Rf1 Ng4 11. Bg5+ Nf6 12. O-O-O+ Ke8 13. Bxf6 gxf6 14. Nd5 Bd6 15. Nxf6+ Kd8 16. Nxh7 Rh8 17. Ng5 Rxh2 18. Rf8+ Ke7 19. Rxc8 Rxg2 20. Ne6 Rxe2 21. Nxc7 e4 22. Re8+ Kd7 23.
Nxa8 Kxe8 24. Rxd6 Nc6 25. Nc7+ Ke7 26. Rd1 Rh2 27.
Nd5+ Kd6 28. Nc3+ Ke5 29. Rd5+ Kf4 30. Rd2 Rh1+ 31. Rd1 Rh2 32. Rf1+ Ke3 33. Re1+ Kf3 34. Nxe4 Nd4 35. Nd2+ Kf2 36. Rf1+ Ke3 37. Nc4+ Ke2 38. Rd1 Nf3 39. Nd2 Ne5 40. Bc4+ Ke3 41. Re1+ Kf4 42. Bd3 Ng4 43. b3 b6 44. a4 a5 45. Re4+ Kg5 46.
Nf3+ Kh5 47. Nxh2 Nxh2 48. Be2+ Kg5 49. Re6 1-0

[Event "Late-Titled-Tuesday-Blitz-May-14-2024"]
[Site "Chess.com"]
[Date "2024.05.14"]
[Round "8"]
[White "ritanovikova"]
[Black "munozmiguelangel1982"]
[Result "1-0"]
[WhiteElo "2163"]
[BlackElo "2239"]
[TimeControl "180+1"]
[EndTime "15:27:45 PDT"]
[Termination "ritanovikova won on time"]

1. e4 e5 2. Nf3 Nc6 3. Bc4 Bc5 4.
c3 Nf6 5. d4 exd4 6. cxd4 Bb4+ 7.
Bd2 Bxd2+ 8. Nbxd2 d5 9. exd5 Nxd5 10. O-O O-O 11. Rc1 Nb6 12. Bb3 Nxd4 13. Nxd4 Qxd4 14. Rxc7 Qxb2 15. Qf3 Bd7 16. Nc4 Nxc4 17. Bxc4 Bc6 18. Bxf7+ Kh8 19. Qh5 Qf6 20. Bb3 Rac8 21. Bc2 h6 22.
Rxc8 Rxc8 23. Qg4 Rf8 24. h4 Bb5 25. Qe4 g6 26. Rb1 Qxf2+ 27. Kh2 Rf4 28. Qe5+ Kh7 29. Qc7+ Rf7 30. Qg3 Qxg3+ 31. Kxg3 Bc6 32. h5 Rd7 33. hxg6+ Kg7 34. a4 Rd2 35. Rc1 Rxg2+ 36. Kf4 Rg5 37. Bd3 Be8 38. Rc7+ Kf8 39. Rc8 Kg7 40. Rc7+ Kf8 41.
Rxb7 Ra5 42. Rb8 Rg5 43. Bb5 Rxb5 44. axb5 1-0

[Event "Late-Titled-Tuesday-Blitz-May-14-2024"]
[Site "Chess.com"]
[Date "2024.05.14"]
[Round "8"]
[White "N_Mullodzhanov"]
[Black "Cherepov_Alexej"]
[Result "0-1"]
[WhiteElo "2567"]
[BlackElo "2425"]
[TimeControl "180+1"]
[EndTime "15:27:46 PDT"]
[Termination "Cherepov_Alexej won on time"]

1. e4 Nf6 2. e5 Nd5 3. d4 d6 4.
Nf3 Bg4 5. Be2 c6 6. O-O Bxf3 7.
Bxf3 dxe5 8. dxe5 e6 9. g3 Nd7 10. h4 Nxe5 11. Bg2 Be7 12. Qe2 Nd7 13. Rd1 O-O 14. c4 N5f6 15. Nc3 Qc7 16. Be3 Bc5 17. Bf4 e5 18. Bg5 h6 19. Bxf6 Nxf6 20. Ne4 Nxe4 21. Qxe4 f5 22. Qe2 e4 23. a3 a5 24. Kh2 Rae8 25. b3 f4 26. Qd2 e3 27. Qd7 Qxd7 28. Rxd7 e2 29. Rxb7 Bxf2 30. gxf4 e1=Q 31. Rxe1 Rxe1 32.
Bxc6 Bxh4 33. Bd5+ Kh8 34. Bf7 Re7 35. Rxe7 Bxe7 36. Bd5 Bxa3 37. Kg3 Bd6 38. Kg4 Rxf4+ 39. Kh3 Rf8 40. Kg2 Rb8 41. Kf3 Rxb3+ 42. Ke4 Rb4 43.
Kd4 a4 44. Kc3 a3 45. c5 Bxc5 46. Ba2 Rb2 47. Bc4 Be7 48. Bd5 Bf6+ 49. Kc4 a2 50.
Bf3 a1=Q 51. Kd5 Qa5+ 52. Ke6 Qe5+ 53. Kf7 Qe7+ 54. Kg6 Qe8+ 55. Kf5 Rb5+ 56. Kg4 Qh5+ 57. Kg3 Rb3 58. Kg2 Qxf3+ 0-1

[Event "Late-Titled-Tuesday-Blitz-May-14-2024"]
[Site "Chess.com"]
[Date "2024.05.14"]
[Round "8"]
[White "Agibileg"]
[Black "Rital44"]
[Result "1-0"]
[WhiteElo "2877"]
[BlackElo "2716"]
[TimeControl "180+1"]
[EndTime "15:27:47 PDT"]
[Termination "Agibileg won by checkmate"]

1. d4 f5 2. Nf3 Nf6 3. g3 g6 4. Bg2 Bg7 5. O-O O-O 6. b3 d6 7. Bb2 a5 8. Re1 a4 9. b4 c6 10. a3 Nbd7 11. c4 Nb6 12. Nbd2 Kh8 13. Qc2 d5 14. Ne5 Ne4 15. Ndf3 dxc4 16. Nxc4 Be6 17. Nxb6 Qxb6 18. e3 Bb3 19. Qd3 Rad8 20. Qe2 Nd6 21.
Rac1 Qb5 22. Qxb5 Nxb5 23. Nd2 Bd5 24. Nc4 Bxc4 25. Rxc4 e6 26. Bf3 Rd7 27. Rc5 Ra8 28. h4 Kg8 29. Kg2 Bf8 30. Rcc1 Kf7 31. g4 Be7 32. g5 Rh8 33. Be2 Rhd8 34. Bxb5 cxb5 35. Rc2 Bd6 36. Rec1 Ke7 37. Kf3 Rf8 38. Ke2 Re8 39. Rh1 Rc7 40. Rxc7+ Bxc7 41. h5 Kf7 42. hxg6+ Kxg6 43. f4 Rc8 44. Rh6+ Kf7 45. Rxh7+ Kg8 46. Rd7 Bxf4 47. exf4 Rc2+ 48. Kd3 Rxb2 49. d5 exd5 50. Rxb7 Rb3+ 51. Kd4 Rxa3 52. Rxb5 Rf3 53. Ke5 d4 54. Kf6 Rc3 55. Rb8+ Kh7 56. g6+ Kh6 57. Rh8# 1-0

[Event "Late-Titled-Tuesday-Blitz-May-14-2024"]
[Site "Chess.com"]
[Date "2024.05.14"]
[Round "8"]
[White "EsmeraldasAnderson03"]
[Black "KNVB"]
[Result "1-0"]
[WhiteElo "2554"]
[BlackElo "2795"]
[TimeControl "180+1"]
[EndTime "15:27:48 PDT"]
[Termination "EsmeraldasAnderson03 won by checkmate"]

1. d4 e5 2. dxe5 Nc6 3. Nf3 Qe7 4.
Bf4 Qb4+ 5. Bd2 Qxb2 6. Nc3 Bb4 7. Rb1 Qxc3 8. Bxc3 Bxc3+ 9. Nd2 Nxe5 10. e4 Nf6 11. f3 O-O 12. Be2 Bd4 13. Nc4 Bc3+ 14. Kf2 Nxc4 15. Bxc4 d6 16. Qd3 Ba5 17. g3 Bb6+ 18. Kg2 Re8 19. a4 Be6 20. h4 Nd7 21. Bxe6 Rxe6 22. a5 Ne5 23. Qc3 Bc5 24. Rxb7 Rc8 25.
Rhb1 Ree8 26. R1b5 Nd7 27. Rb1 h5 28. Qb3 g6 29.
Qb5 Red8 30. Qa6 Nb8 31. Qc4 Nc6 32. R1b5 Ne5 33. Qc3 Nd7 34. Rxc5 Nxc5 35. Rxa7 Re8 36. Qc4 Red8 37. Qd5 Re8 38. Qc6 Ne6 39. Rb7 Kf8 40.
a6 Nd8 41. Qd7 Nxb7 42. axb7 Rb8 43. Qxc7 Red8 44. c4 Ke8 45. e5 d5 46. cxd5 Kf8 47.
e6 fxe6 48. dxe6 Kg8 49. Qf7+ Kh8 50. Qxg6 Re8 51. Qxh5+ Kg7 52. Qg5+ Kh7 53. Qf5+ Kh8 54. Qf6+ Kh7 55. Qf7+ Kh8 56. h5 Rg8 57. g4 Rbf8 58.
Qc7 Re8 59. Kh3 Rgf8 60. Kh4 Rg8 61. g5 Rgf8 62. f4 Rg8 63. g6 Rgf8 64. Qh7# 1-0

[Event "Late-Titled-Tuesday-Blitz-May-14-2024"]
[Site "Chess.com"]
[Date "2024.05.14"]
[Round "8"]
[White "Kacparov"]
[Black "lucasmito"]
[Result "1-0"]
[WhiteElo "2931"]
[BlackElo "2745"]
[TimeControl "180+1"]
[EndTime "15:27:50 PDT"]
[Termination "Kacparov won by resignation"]

1. e4 e5 2. Nf3 Nc6 3. Bc4 Nf6 4. d3 Bc5 5. c3 d6 6. Bb3 a6 7. Nbd2 Ba7 8. h3 h6 9. Nf1 Be6 10. Ng3 d5 11. Qe2 O-O 12. O-O Re8 13. Nh4 Nxe4 14. dxe4 Qxh4 15. exd5 Bxh3 16. Qf3 Bg4 17.
Nf5 Qh5 18. Qg3 Bxf5 19. dxc6 bxc6 20. Be3 Bb6 21. Rad1 Be6 22. Bc2 Rad8 23. Bxb6 cxb6 24. Qe3 c5 25. b4 cxb4 26. cxb4 b5 27. a3 Qg5 28.
Qb6 Bc4 29. Rfe1 Rd2 30. Be4 g6 31. Qxa6 Re6 32. Qc8+ Kg7 33. Qc5 Rf6 34. Rxd2 Qxd2 35.
Ra1 Qb2 36. Rb1 Qd2 37. Bf3 Rf5 38. Be4 Rf6 39. Bf3 Qf4 40. Re1 Rf5 41. Be4 Rg5 42. a4 Be6 43. axb5 h5 44. Qe3 Qf6 45. b6 Bc8 46. b7 Bxb7 47. Bxb7 Qd6 48. b5 Qc7 49.
Bf3 f6 50. b6 Qb8 51. b7 h4 52. Bc6 h3 53. Qxh3 1-0

[Event "Late-Titled-Tuesday-Blitz-May-14-2024"]
[Site "Chess.com"]
[Date "2024.05.14"]
[Round "8"]
[White "albayo"]
[Black "Javadovvv"]
[Result "0-1"]
[WhiteElo "2403"]
[BlackElo "2581"]
[TimeControl "180+1"]
[EndTime "15:27:50 PDT"]
[Termination "Javadovvv won by checkmate"]

1. c4 e6 2. Nf3 d5 3. g3 Nf6 4. Bg2 Be7 5. O-O O-O 6. d4 c6 7. Nc3 b6 8. Nd2 Bb7 9. e4 Na6 10. cxd5 cxd5 11. e5 Nd7 12. a3 Rc8 13. f4 g6 14. g4 b5 15. f5 b4 16. axb4 Nxb4 17. fxe6 fxe6 18. Rxf8+ Nxf8 19. Nf3 a6 20. Bf1 Qb6 21.
Bg5 Qd8 22. Bxe7 Qxe7 23. Qb3 Rb8 24. Ra4 Bc6 25. Rxa6 Nxa6 26. Qc2 Nb4 27. Qd2 Ra8 28.
h4 Ra1 29. Kg2 Qf7 30. Be2 Qe7 31. h5 Ra8 32. h6 Nd7 33. Ng5 Rf8 34. Nd1 Nb6 35.
Nf3 Nc4 36. Qc3 Na2 37. Qc2 Ne3+ 38. Nxe3 Nb4 39. Qc3 Bd7 40. Nf1 Rc8 41. Qa3 Rc2 42.
Kf2 Bb5 43. N1d2 Nd3+ 44. Bxd3 Qxa3 45. bxa3 Bxd3 46. Ke3 Bb5 47. Ng5 Bd7 48. Kd3 Ra2 49. Nb1 Ra1 50. Kc2 Ra2+ 51. Kb3 Rg2 52. Nf3 Rxg4 53. a4 Rg3 54. Nd2 g5 55. Kb4 g4 56.
Ng5 Rg2 57. Nb3 g3 58. a5 Ra2 59. Nd2 Rxd2 60. Nf3 Ra2 61. Kc5 Rxa5+ 62. Kd6 Bc8 63. Ke7 Ra3 64. Kf6 Rxf3+ 65. Ke7 g2 66. Kd6 g1=Q 67.
Ke7 Qg5+ 68. Kd6 Qd8+ 69. Kc6 Rc3+ 70. Kb5 Bd7+ 71. Ka6 Rb3 72. Ka7 Qb8+ 73. Ka6 Qa8# 0-1

[Event "Late-Titled-Tuesday-Blitz-May-14-2024"]
[Site "Chess.com"]
[Date "2024.05.14"]
[Round "8"]
[White "dianamirza"]
[Black "Seppppppy"]
[Result "0-1"]
[WhiteElo "1971"]
[BlackElo "2331"]
[TimeControl "180+1"]
[EndTime "15:27:50 PDT"]
[Termination "Seppppppy won by resignation"]

1. e4 e5 2. Nf3 Nc6 3. Bb5 a6 4. Ba4 Bc5 5. O-O Nge7 6. c3 Ng6 7. d4 Ba7 8. Bg5 f6 9. Be3 O-O 10. Nbd2 d6 11. b4 b5 12. Bb3+ Kh8 13. a4 Nce7 14. axb5 axb5 15. dxe5 Bxe3 16. Rxa8 Bxd2 17. Qxd2 fxe5 18.
Be6 Nf4 19. Ng5 Qe8 20. Qe3 Qg6 21. g3 Qxg5 22. Bxc8 Nxc8 23. Kh1 Qh5 24. gxf4 exf4 25.
Qd4 f3 26. Rg1 Qf7 27. Rg3 h6 28. Qd1 Ne7 29. Rxf8+ Qxf8 30. Rxf3 Qa8 31. Rg3 Qxe4+ 32. Rg2 Nf5 33. Qg4 Qe1+ 34. Rg1 Qe6 35. h4 Qd5+ 36. Kh2 Qe5+ 37. Kh3 Qf6 38. f4 Ne3 39. Qg6 Qxg6 40.
Rxg6 Kh7 41. Rg3 Nd5 42. Rf3 Nb6 43. Kg3 Nc4 44. Kf2 Kg6 45. Ke2 Kf5 46. Kd3 Kg4 47. Re3 Nxe3 48. Kxe3 Kxh4 49. Kd4 Kg4 50. Kd5 Kxf4 51.
Kc6 g5 52. Kxc7 g4 53. Kxd6 g3 54. Kc5 g2 55. Kxb5 g1=Q 56. c4 h5 57. c5 h4 58.
Kb6 Qd4 59. b5 h3 60. Kc6 h2 61. b6 h1=Q+ 62. Kc7 Qxc5+ 0-1

[Event "Late-Titled-Tuesday-Blitz-May-14-2024"]
[Site "Chess.com"]
[Date "2024.05.14"]
[Round "8"]
[White "ChristopherYoo"]
[Black "Msb2"]
[Result "0-1"]
[WhiteElo "3005"]
[BlackElo "3081"]
[TimeControl "180+1"]
[EndTime "15:27:52 PDT"]
[Termination "Msb2 won by resignation"]

1. e4 e6 2. d4 d5 3. e5 c5 4. c3 Nc6 5. Nf3 Nge7 6. Bd3 cxd4 7. cxd4 Nf5 8. Bxf5 exf5 9. O-O Be7 10. Nc3 Be6 11.
Ne2 g5 12. Qb3 b6 13. Bd2 f4 14. Rac1 Qd7 15. Rc2 Bf5 16. Rcc1 O-O 17. a4 Rac8 18. Qb5 Rc7 19. Ne1 Rfc8 20. Nd3 Qe6 21. Ndxf4 gxf4 22.
Nxf4 Nxd4 23. Nxe6 Nxb5 24. Nxc7 Nxc7 25. Rc3 Na6 26.
Rg3+ Kf8 27. Rd1 Be6 28. a5 Rc2 29. axb6 axb6 30. Bc3 Nc5 31. Ra1 Bh4 32. Rf3 Ne4 33. Bd4 b5 34. b3 h5 35. h3 Be7 36. Ra8+ Kg7 37. Ra7 Rc1+ 38. Kh2 Bg5 39. Rfxf7+ Kg6 40. Rf8 Nd2 41. g3 h4 42. Bb6 hxg3+ 43. fxg3 Rc2 44.
Rf2 d4 45. Bxd4 Nf3+ 46. Kg2 Nxd4 47. Rxc2 Nxc2 48. Ra6 Kf5 49. g4+ Kxe5 50. Kg3 Nd4 51. h4 Bf4+ 52. Kh3 Nxb3 53. Rb6 Nd4 54. h5 Bg5 55.
Kg3 Ke4 56. Kh3 Kf3 57. Rd6 Bxg4+ 58. Kh2 Bf4+ 0-1

[Event "Late-Titled-Tuesday-Blitz-May-14-2024"]
[Site "Chess.com"]
[Date "2024.05.14"]
[Round "8"]
[White "Ramil_Faizrakhmanov"]
[Black "volcanoexplorer"]
[Result "1-0"]
[WhiteElo "2861"]
[BlackElo "2709"]
[TimeControl "180+1"]
[EndTime "15:27:52 PDT"]
[Termination "Ramil_Faizrakhmanov won by resignation"]

1. d4 d5 2. c4 e6 3. Nc3 Bb4 4. a3 Bxc3+ 5. bxc3 Nf6 6. e3 c6 7. Nf3 O-O 8. a4 Nbd7 9. Bd3 b6 10. cxd5 cxd5 11. c4 Ba6 12. cxd5 Bxd3 13. Qxd3 exd5 14. O-O Qc7 15. a5 bxa5 16. Bd2 Rfc8 17. Rxa5 Nb6 18. Rfa1 Nc4 19. Ra6 Ne4 20. Be1 Rcb8 21. h4 h6 22.
Qc2 Rb2 23. Qa4 Nxe3 24. fxe3 Qc8 25. Ne5 f6 26. Nd3 Rxg2+ 27. Kxg2 Qg4+ 28. Kh2 Qe2+ 29. Bf2 Nxf2 30. Qa2 Ng4+ 31. Kg3 Qxe3+ 32. Kg2 Qxd3 33. Qxd5+ Kh7 34. Qxa8 Qe2+ 35. Kg3 Qf2+ 36. Kxg4 f5+ 37. Kh3 Qe3+ 38. Kh2 Qf2+ 39. Qg2 Qxh4+ 40. Kg1 Qxd4+ 41. Qf2 Qg4+ 42. Kf1 Qc4+ 43. Qe2 Qf4+ 44. Ke1 Qg3+ 45. Kd2 Qb3 46. Qd3 Qb2+ 47. Ke3 Qe5+ 48. Kf3 g5 49.
Rxa7+ Kg6 50. R7a6+ Kg7 51. Qd7+ 1-0

[Event "Late-Titled-Tuesday-Blitz-May-14-2024"]
[Site "Chess.com"]
[Date "2024.05.14"]
[Round "8"]
[White "ChEsper99"]
[Black "tamarozi99"]
[Result "1/2-1/2"]
[WhiteElo "2237"]
[BlackElo "2154"]
[TimeControl "180+1"]
[EndTime "15:27:52 PDT"]
[Termination "Game drawn by repetition"]

1. Nf3 d5 2. d4 c5 3. c4 e6 4.
cxd5 exd5 5. e3 Nf6 6. Nc3 Nc6 7. Bb5 Be6 8. O-O c4 9. b3 Bb4 10. Bb2 Qa5 11. Bxc6+ bxc6 12. Qc2 O-O 13. bxc4 dxc4 14.
e4 Rfd8 15. Rfd1 Bg4 16. e5 Nd5 17. Ne4 Nf4 18. Qxc4 Qd5 19. Qxd5 cxd5 20. Nc5 Rac8 21. Nd3 Nxd3 22. Rxd3 Rc2 23. Rb3 a5 24. Rc1 Rdc8 25. Rxc2 Rxc2 26. h3 Bd7 27. Ba3 Ba4 28. Re3 Rxa2 29.
Bxb4 axb4 30. e6 fxe6 31. Rxe6 b3 32. Rb6 b2 33. Kh2 Bc2 34. Nd2 Kf7 35. Kg3 g6 36.
Kf3 Ra3+ 37. Ke2 Ra2 38. Rb7+ Kf6 39. Rb6+ Kf5 40. f3 h5 41. g3 Kg5 42. h4+ Kf5 43. Kf2 g5 44. hxg5 Kxg5 45. Ke2 Kf5 46. Kf2 Kg5 47. Ke2 Kf5 48. Kf2 Kg5 1/2-1/2

[Event "Late-Titled-Tuesday-Blitz-May-14-2024"]
[Site "Chess.com"]
[Date "2024.05.14"]
[Round "8"]
[White "Kira170"]
[Black "ATM622"]
[Result "1-0"]
[WhiteElo "2759"]
[BlackElo "2556"]
[TimeControl "180+1"]
[EndTime "15:27:55 PDT"]
[Termination "Kira170 won by resignation"]

1. d4 d5 2. c4 e6 3. Nf3 Nf6 4.
Nc3 Be7 5. Bf4 O-O 6. a3 dxc4 7. e3 c5 8. Bxc4 Nbd7 9. O-O Nb6 10. Bd3 cxd4 11.
exd4 Bd7 12. Qe2 Bc6 13. Rfd1 Nbd5 14. Bg5 h6 15. Bd2 Rc8 16. Ne5 Qb6 17. Be3 Rfd8 18. Re1 Qa5 19. Bd2 Qb6 20. Be3 Qa5 21. Bxh6 gxh6 22. Nxf7 Kxf7 23. Qxe6+ Kf8 24. Bg6 Be8 25.
Bxe8 Rxe8 26. Re5 Rxc3 27. bxc3 Qxc3 28. Rae1 Qxd4 29. Qh3 Kg7 30. Qg3+ Kf7 31. Qh3 Qd2 32. Qf5 Kf8 33. h3 Qd4 34. Qg6 Qd2 35. Re6 Qf4 36. Qd3 Qg5 37. R6e5 Qg7 38. Qf5 Qf7 39. Qd3 Bd6 40.
Rxe8+ Nxe8 41. Qd4 Nec7 42. Qxa7 Qf6 43. Qa8+ Kf7 44.
Qxb7 Qf5 45. Qb3 Qf4 46. g3 Qf5 47. h4 h5 48. a4 Qf6 49. a5 Qf5 50. a6 Bc5 51.
Re2 Qf3 52. Qxf3+ Kg7 53. Re4 1-0